 Dungeon Crawl Stone Soup version 0.22-a0-348-gd16d1391c7 (webtiles) character file.

84 Laan the Grave Robber (level 4, -3/30 HPs)
             Began as a Mummy Necromancer on Apr 12, 2018.
             Slain by a bullfrog (4 damage)
             ... on level 2 of the Dungeon.
             The game lasted 00:06:36 (2065 turns).

Laan the Grave Robber (Mummy Necromancer)           Turns: 2065, Time: 00:06:36

Health: -3/30      AC:  2    Str: 13    XL:     4   Next: 24%
Magic:  0/9        EV: 12    Int: 15    God:
Gold:   158        SH:  0    Dex: 12    Spells: 5/10 levels left

rFire    x . .     SeeInvis .   b - +0 spear
rCold    + . .     Gourm    .   (no shield)
rNeg     + + +     Faith    .   a - +0 robe
rPois    ∞         Spirit   .   (no helmet)
rElec    .         Reflect  .   (no cloak)
rCorr    .         Harm     .   (no gloves)
MR       .....                  (no boots)
Stlth    ++........             (no amulet)
HPRegen  0.10/turn              c - +2 ring of strength
MPRegen  0.11/turn              (no ring)

@: no status effects
A: no food or potions, fire vulnerability, cold resistance 1, negative energy
resistance 3, torment resistance, unbreathing
a: no special abilities


You were on level 2 of the Dungeon.
You were not hungry.

You visited 1 branch of the dungeon, and saw 3 of its levels.

You collected 158 gold pieces.

Inventory:

Hand Weapons
 b - a +0 spear (weapon)
Armour
 a - a +0 robe (worn)
Jewellery
 c - a +2 ring of strength (left hand)
Scrolls
 d - 2 scrolls of blinking {unknown}
 e - a scroll of remove curse {unknown}


   Skills:
 - Level 1.5 Dodging
 - Level 1.5 Stealth
 + Level 3.8 Spellcasting
 * Level 5.3 Necromancy


You had 5 spell levels left.
You knew the following spells:

 Your Spells              Type           Power        Failure   Level  Hunger
a - Pain                  Necr           ###.         1%          1    N/A
b - Animate Skeleton      Necr           N/A          1%          1    N/A
c - Vampiric Draining     Necr           ###.......   6%          3    N/A

Dungeon Overview and Level Annotations

Branches:
Dungeon (3/15)

Altars:
Makhleb
Qazlal
Zin


Innate Abilities, Weirdness & Mutations

You do not eat or drink.
Your flesh is vulnerable to fire.
You are immune to poison.
Your flesh is cold resistant. (rC+)
You are immune to negative energy. (rN+++)
You are immune to unholy pain and torment.
You can survive without breathing.


Message History

Aiming: Pain (safe; 1% risk of failure)
Press: ? - help, Shift-Dir - straight line, f/p - bullfrog
Aim: a bullfrog (severely wounded, chance to defeat MR: 78%)
The bullfrog barely resists.
The bullfrog completely misses you. The bullfrog hits you.
* * * LOW HITPOINT WARNING * * *
Casting: Pain (safe; 1% risk of failure)
Confirm with . or Enter, or press ? or * to list all spells.
Aiming: Pain (safe; 1% risk of failure)
Press: ? - help, Shift-Dir - straight line, f/p - bullfrog
Aim: a bullfrog (severely wounded, chance to defeat MR: 78%)
The bullfrog barely resists.
The bullfrog hits you.
* * * LOW HITPOINT WARNING * * *
Casting: Pain (safe; 1% risk of failure)
Confirm with . or Enter, or press ? or * to list all spells.
Aiming: Pain (safe; 1% risk of failure)
Press: ? - help, Shift-Dir - straight line, f/p - bullfrog
Aim: a bullfrog (severely wounded, chance to defeat MR: 78%)
The bullfrog barely resists.
The bullfrog misses you. The bullfrog hits you.
You die...

#.# #.#
##.########Z##.### #.#
#.# #.........#.##.# #.#
#.# #..######.#.##.#
#.###.###...........##.#
#..[.........##.#.####.#
#####.###.#####.#.# #)#
#.# #.# #..#.# #.# #.#
#.# #<##.# #.#
############.# #@#
##.##.# #.#
#...Z........#
#F###.>.#.# #.#
#.############
#.........# #.# #.# ###
#####...### #.#
#Z####2##############.##
#.#
#.##.###.#.....†)...>.#
#.###
#.##.._.###.########..#
#.... #......ZZZ..# #..#
##### #...+%..+...#
####..#


You could see a bullfrog.

Vanquished Creatures
  3 adders (D:2)
  An ooze (D:2)
  A worm (D:2)
  2 dart slugs (D:1)
  2 leopard geckos
  2 ball pythons
  6 bats
  3 giant cockroaches
  2 goblins
  3 hobgoblins
  A jackal (D:1)
  5 frilled lizards
  5 kobolds
  7 rats
43 creatures vanquished.

Vanquished Creatures (collateral kills)
  A worm (D:2)
  A jackal (D:1)
  A kobold (D:2)
  A goblin (D:2)
4 creatures vanquished.

Grand Total: 47 creatures vanquished

Notes
Turn   | Place    | Note
-------+----------+-------------------------------------------
     0 | D:1      | Laan the Mummy Necromancer began the quest for the Orb.
     0 | D:1      | Reached XP level 1. HP: 13/13 MP: 4/4
   103 | D:1      | Learned a level 1 spell: Animate Skeleton
   300 | D:1      | Reached XP level 2. HP: 17/19 MP: 4/6
   913 | D:1      | You fall through a shaft!
   923 | D:2      | Reached XP level 3. HP: 21/24 MP: 1/7
  1072 | D:2      | Found a burning altar of Makhleb.
  1074 | D:2      | Found a glowing silver altar of Zin.
  1074 | D:2      | Noticed a green death
  1074 | D:2      | Noticed an angel
  1147 | D:2      | Reached skill level 5 in Necromancy
  1603 | D:2      | Reached XP level 4. HP: 27/30 MP: 5/9
  2052 | D:2      | Learned a level 3 spell: Vampiric Draining
  2053 | D:3      | Found a stormy altar of Qazlal.
  2053 | D:3      | Noticed a bullfrog
  2064 | D:2      | HP: 1/30 [bullfrog (3)]
  2065 | D:2      | Slain by a bullfrog

Vault maps used:
D:1:      minmay_arrival_wavy_path
D:2:      grunt_temple_overflow_order_and_chaos_2
D:3:      grunt_temple_overflow_forces_of_nature, okawaru_trees_1,
          minmay_overflow_temple_star_quad, gup_sewer_entry_spiral,
          nicolae_gozag_seed_capital, uniq_natasha, uniq_terence

Skill      XL: |  1  2  3 |
---------------+----------+-----
Spellcasting   | 3 |  3.8
Necromancy     | 5 |  5.3
Dodging        | |  1.5
Stealth        | |  1.5

Action                   |  1- 3 |  4- 6 || total
-------------------------+-------+-------++-------
Melee: Spear             |    26 |       ||    26
 Cast: Pain              |    84 |    25 ||   109
       Animate Skeleton  |    10 |       ||    10
 Stab: Distracted        |     1 |       ||     1
Armor: Robe              |    15 |     2 ||    17
Dodge: Dodged            |    30 |     7 ||    37

Table legend:
 A = Spawn XP
 B = Non-spawn XP
 C = Spawn XP percentage of total XP
 D = Spawn monster count
 E = Non-spawn monster count
 F = Spawn count percentage of total count
 G = Total turns spent on level
                    A         B        C        D         E        F      G
               +---------+---------+-------+---------+---------+-------+---------
         Total |       0 |     121 |   0.0 |       0 |      47 |   0.0 |  2065
               +---------+---------+-------+---------+---------+-------+---------
           D:1 |       0 |      37 |   0.0 |       0 |      20 |   0.0 |   913
           D:2 |       0 |      83 |   0.0 |       0 |      26 |   0.0 |  1147
           D:3 |       0 |       1 |   0.0 |       0 |       1 |   0.0 |     5
               +---------+---------+-------+---------+---------+-------+---------
